 Dungeon Crawl Stone Soup version 0.27-a0-1532-gca18f49f40 (webtiles) character file.

Game seed: 5439476791507211516

427 flotson the Sneak (level 6, -5/33 HPs)
             Began as a Vine Stalker Delver on July 12, 2021.
             Killed by divine providence
             ... invoked by an orc priest
              (10 damage)
             ... on level 4 of the Dungeon.
             The game lasted 00:07:21 (2738 turns).

flotson the Sneak (Vine Stalker Delver)             Turns: 2738, Time: 00:07:22

Health: -5/33      AC:  8    Str: 17    XL:     6   Next: 97%
Magic:  0/7        EV: 10    Int: 10    God:
Gold:   171        SH:  0    Dex: 15    Spells: 5/5 levels left

rFire    . . .     SeeInvis .   a - +0 dagger (venom)
rCold    . . .     Faith    .   (no shield)
rNeg     . . .     Spirit   +   k - +0 scale mail
rPois    .         Reflect  .   (no helmet)
rElec    .         Harm     .   (no cloak)
rCorr    +         Rampage  .   (no gloves)
Will     .....                  x - +1 pair of boots
Stlth    ++........             t - amulet of regeneration
HPRegen  2.11/turn              i - ring of resist corrosion
MPRegen  0.10/turn              (no ring)

@: no status effects
A: fangs 2, regeneration 1, magic shield, antimagic bite, no potion heal 2
a: no special abilities


You were on level 4 of the Dungeon.
You visited 1 branch of the dungeon, and saw 5 of its levels.

You collected 171 gold pieces.

Inventory:

Hand Weapons
 a - a +0 dagger of venom (weapon)
 b - a +0 hunting sling
 u - a +1 hand axe of distortion
 w - a +0 hand axe
 B - a +0 war axe
Missiles
 d - 33 sling bullets
Armour
 k - a +0 scale mail (worn)
 x - a +1 pair of boots (worn)
Jewellery
 i - a ring of resist corrosion (left hand)
 t - an amulet of regeneration (around neck)
Wands
 g - a wand of digging (3)
 y - a wand of flame (23)
Scrolls
 c - 2 scrolls of fog
 e - a scroll of identify {unknown}
 h - 6 scrolls of teleportation {unknown}
 m - 3 scrolls of enchant armour {unknown}
 o - 3 scrolls of amnesia {unknown}
 q - a scroll of noise {unknown}
 r - 3 scrolls of fear
 s - a scroll of magic mapping
 v - a scroll of blinking {unknown}
 A - a scroll of immolation {unknown}
Potions
 f - 2 potions of haste
 j - a potion of brilliance {unknown}
 l - a potion of curing {unknown}
 n - a potion of might {unknown}
 p - a potion of cancellation {unknown}
 z - a potion of invisibility {unknown}


   Skills:
 + Level 3.7 Fighting
 + Level 3.1 Axes
 - Level 1.2(1.4) Slings
 + Level 1.1(1.4) Throwing
 + Level 2.0 Armour
 + Level 2.8 Dodging
 - Level 6.0 Stealth
 + Level 2.3 Evocations


You had 5 spell levels left.
You didn't know any spells.
Your spell library contained the following spells:

 Spells                   Type           Power      Damage    Failure   Level
 Corona                   Hex            0%         N/A       78%         1
 Passage of Golubria      Tloc           N/A        N/A       100%        4
 Silence                  Hex/Air        0%         N/A       100%        5
 Lehudib's Crystal Spear  Conj/Erth      0%         10d2      100%        8


Dungeon Overview and Level Annotations

Branches:
Dungeon (5/15)             Temple (0/1) D:5

Altars:
Cheibriados
Dithmenos


Innate Abilities, Weirdness & Mutations

You have extremely sharp teeth.
Your natural rate of healing is unusually fast.
When hurt, damage is shared between your health and your magic reserves.
Your bite disrupts and absorbs the magic of your enemies.
Potions cannot restore your health.


Message History

The orc priest hits you from afar with a +0 trident.
You hit the orc priest but do no damage.
The orc priest looks as sick as possible!
Your bite misses the orc priest.
The orc priest is moderately wounded.
The orc hits you but does no damage.
The orc priest hits you but does no damage.
The orc priest barely misses you.
You hit the orc priest.
The orc priest looks as sick as possible!
The orc priest is severely wounded.
The orc barely misses you.
The orc priest calls down the wrath of Beogh upon you.
Beogh smites you!
The orc priest hits you from afar with a +0 trident.
You hit the orc priest.
The orc priest looks as sick as possible!
You bite the orc priest.
You kill the orc priest!
The orc barely misses you.
The orc priest calls down the wrath of Beogh upon you.
Pain shoots through your body!
* * * LOW HITPOINT WARNING * * *
Okay, then.
You hit the orc.
The orc is poisoned.
You bite the orc. You drain its power.
You feel invigorated.
The orc is heavily wounded.
The orc hits you but does no damage.
The orc priest hits you but does no damage.
You closely miss the orc.
The orc is heavily wounded.
The orc hits you with a +0 club.
* * * LOW HITPOINT WARNING * * *
The orc priest hits you from afar with a +0 trident!
* * * LOW HITPOINT WARNING * * *
You kill the orc!
The orc priest casts a cantrip, but nothing happens.
The orc priest invokes the aid of Beogh against you.
Beogh smites you!
You die...

**,**,,,..##.,.##
*,,,,,,,##....#.#
*,,,,,,.........##
**.............#..#
,*#......$....o#..*
,,.............))#*
**#..............#
**#..............#
,,............?.@#
,,.([............#
,,.......<####..###
,,.........##..[..###
,,.##......###......#
≈≈.##.#.....##....###
≈≈..#*#.............#*
≈≈..###.......#.##...#
≈≈..#.....####..#,.###


You could see an orc priest.

Vanquished Creatures
  A black bear (D:4)
  An ogre (D:3)
  2 orc priests
  A jelly (D:3)
  An orc wizard (D:2)
  4 adders
  4 worms
  7 orcs
  8 ball pythons
  4 bats
  7 endoplasms
  5 giant cockroaches
  6 hobgoblins
  8 jackals
  6 kobolds
  4 quokkas
  4 frilled lizards
  5 goblins
  2 rats
80 creatures vanquished.

Notes
Turn   | Place    | Note
-------+----------+-------------------------------------------
     0 | D:5      | flotson the Vine Stalker Delver began the quest for the
                  | Orb.
     0 | D:5      | Reached XP level 1. HP: 11/11 MP: 2/2
    18 | D:5      | Noticed a sky beast
    19 | D:5      | Noticed an ogre
    87 | D:4      | Noticed an orc wizard
    88 | D:4      | Noticed an orc wizard
   179 | D:4      | Noticed an orc wizard
   288 | D:3      | Reached XP level 2. HP: 16/16 MP: 3/3
   305 | D:3      | Reached skill level 1 in Evocations
   305 | D:3      | Reached XP level 3. HP: 20/20 MP: 4/4
   435 | D:2      | Reached skill level 1 in Armour
   594 | D:1      | Found a faded altar of an unknown god.
   628 | D:1      | Got Plato's Papyrus of Beguiling
   654 | D:1      | Gained mutation: Your natural rate of healing is unusually
                  | fast. [Vine Stalker growth]
   654 | D:1      | Reached XP level 4. HP: 23/24 MP: 5/5
  1675 | D:1      | Reached XP level 5. HP: 27/28 MP: 4/6
  1855 | D:2      | Reached skill level 1 in Slings
  1964 | D:3      | Noticed an ogre
  2184 | D:3      | Found a shadowy altar of Dithmenos.
  2545 | D:3      | Killed an ogre
  2546 | D:3      | Reached XP level 6. HP: 32/32 MP: 7/7
  2604 | D:4      | Found a snail-covered altar of Cheibriados.
  2604 | D:4      | Noticed a black bear
  2608 | D:4      | Killed a black bear
  2609 | D:4      | Reached skill level 1 in Throwing
  2736 | D:4      | HP: 1/33 [orc priest (5)]
  2738 | D:4      | Killed from afar by an orc priest

Illustrated notes

Levels and vault maps discovered:
D:1:      wander_arrival_chamber, layout_loops_ring,
          shapermc_ecumenical_altar_rom_forum
D:2:      layout_rooms, minmay_small_reverse_x
D:3:      layout_basic, nicolae_dithmenos_shadow_blocks, chequers_jeans
D:4:      layout_cave_pools, general_overflow_altar, minmay_rat_hole
D:5:      layout_cave_pods, gammafunk_temple_overflow_claw,
          minmay_temple_entry_glassed_door

Skill      XL: |  1  2  3  4  5  6 |
---------------+-------------------+-----
Fighting       | 3 |  3.7
Axes           | 2 3 |  3.1
Evocations     | 1 2 |  2.3
Dodging        | 2 |  2.8
Armour         | 1 2 |  2.0
Slings         | 1 |  1.2
Throwing       | 1 |  1.1
Stealth        | |  6.0

Action                   |  1- 3 |  4- 6 || total
-------------------------+-------+-------++-------
Melee: Hand axe          |    41 |    98 ||   139
       Bite              |    12 |    44 ||    56
       Dagger            |       |    58 ||    58
 Fire: Hunting sling     |     5 |    37 ||    42
  Use: Scroll            |     3 |       ||     3
 Stab: Sleeping          |     3 |     8 ||    11
Armor: Scale mail        |    10 |    63 ||    73
Dodge: Dodged            |    16 |    74 ||    90

Table legend: (Time is in decaauts)
 A = Elapsed time spent in this place.
 B = Non-inter-level travel time spent in this place.
 C = Inter-level travel time spent in this place.
 D = Time resting spent in this place.
 E = Time spent auto-exploring this place.
 F = Levels seen in this place.
 G = Mean time per level.
                   A        B        C        D        E       F      G
               +--------+--------+--------+--------+--------+-----+--------+
         Total |   2767 |   2627 |    140 |      6 |   1724 |   5 |  553.4 |
       Dungeon |   2767 |   2627 |    140 |      6 |   1724 |   5 |  553.4 |
               +--------+--------+--------+--------+--------+-----+--------+

Top non-repeatable levels by time:
     D:1: 884 daAuts
     D:3: 802 daAuts
     D:2: 784 daAuts
     D:4: 247 daAuts
     D:5: 49 daAuts
